SAA
ATLANTIC CITY SONICS @ MINNESOTA LOONS
09/24/2029
 
TOP OF THE 1ST
Atlantic City Sonics batting - Pitching for Minnesota Loons : LHP Luis Domínguez
Pitching: LHP Luis Domínguez
Batting: RHB Jesús Guzmán 0-0: Ball
1-0: Called Strike
1-1: SINGLE (Flyball, 89M)
Batting: LHB Ramón Garmendia 0-0: Called Strike
0-1: Ball
1-1: Ball
2-1: Ball
Jesús Guzmán steals 2nd base
3-1: Ground out U3 (Groundball, 3L)
Jesús Guzmán to third
Batting: RHB Eddie Sachs 0-0: Swinging Strike
0-1: Ball
1-1: Called Strike
1-2: Strikes out swinging
Batting: RHB Karl Blanke 0-0: Called Strike
0-1: Foul Ball, location: 2F
0-2: Ball
1-2: Strikes out looking
Top of the 1st over - 0 runs, 1 hit, 0 errors, 1 left on base; Atlantic City 0 - Minnesota 0
BOTTOM OF THE 1ST
Minnesota Loons batting - Pitching for Atlantic City Sonics : RHP Lincoln Spooner
Pitching: RHP Lincoln Spooner
Batting: SHB António Zúñiga 0-0: Called Strike
0-1: Ball
1-1: Ground out U3 (Groundball, 3)
Batting: RHB Jorge Arreola 0-0: Foul Ball, location: 2F
0-1: Ball
1-1: Ball
2-1: Ground out 4-3 (Groundball, 4)
Batting: RHB Isuru Tanaka 0-0: Foul Ball, location: 2F
0-1: Foul Ball, location: 2F
0-2: Ball
1-2: Ball
2-2: SINGLE (Line Drive, 7)
Batting: LHB Juan Aranda 0-0: Foul Ball, location: 2F
0-1: Swinging Strike
0-2: Foul Ball, location: 2F
0-2: Strikes out swinging
Bottom of the 1st over - 0 runs, 1 hit, 0 errors, 1 left on base; Atlantic City 0 - Minnesota 0
TOP OF THE 2ND
Atlantic City Sonics batting - Pitching for Minnesota Loons : LHP Luis Domínguez
Batting: LHB Kelvin Abbott 0-0: Ball
1-0: Ball
2-0: Foul Ball, location: 2F
2-1: Foul Ball, location: 2F
2-2: Foul Ball, location: 2F
2-2: Fly out, F5 (Popup, 5F)
Batting: RHB José Rodríguez 0-0: Ball
1-0: Ball
2-0: Swinging Strike
2-1: Ball
3-1: Base on Balls
Batting: RHB Alejandro Sánchez 0-0: Called Strike
0-1: Fly out, F9 (Flyball, 9S)
Batting: RHB Randy Sheffield 0-0: Swinging Strike
0-1: Ball
1-1: Swinging Strike
1-2: Ball
2-2: Ball
3-2: Base on Balls
José Rodríguez to second
Batting: RHB Thurman Blumer 0-0: Ball
1-0: Fly out, F7 (Line Drive, 78D)
Top of the 2nd over - 0 runs, 0 hits, 0 errors, 2 left on base; Atlantic City 0 - Minnesota 0
BOTTOM OF THE 2ND
Minnesota Loons batting - Pitching for Atlantic City Sonics : RHP Lincoln Spooner
Batting: RHB José Mercado 0-0: Ball
1-0: Foul Ball, location: 2F
1-1: Ball
2-1: Foul Ball, location: 2F
2-2: Strikes out swinging
Batting: RHB Joe Dundee 0-0: Ball
1-0: Called Strike
1-1: Ball
2-1: Ball
3-1: Foul Ball, location: 2F
3-2: Base on Balls
Batting: RHB Germán Espantoso 0-0: Ball
1-0: Swinging Strike
1-1: SINGLE (Line Drive, 6M)
Joe Dundee to second
Batting: RHB Joaquín Villarreal 0-0: Foul Ball, location: 2F
0-1: Ball
1-1: Ball
2-1: Foul Ball, location: 2F
2-2: Fly out, F9 (Flyball, 9)
Batting: RHB Dhyana Snigdha 0-0: Ball
1-0: Foul Ball, location: 2F
1-1: Foul Ball, location: 2F
1-2: Strikes out swinging
Bottom of the 2nd over - 0 runs, 1 hit, 0 errors, 2 left on base; Atlantic City 0 - Minnesota 0
TOP OF THE 3RD
Atlantic City Sonics batting - Pitching for Minnesota Loons : LHP Luis Domínguez
Batting: RHB Jesús Guzmán 0-0: Called Strike
0-1: Called Strike
0-2: Strikes out swinging
Batting: LHB Ramón Garmendia 0-0: Ball
1-0: Called Strike
1-1: Ball
2-1: Ball
3-1: Ground out 3-1 (Groundball, 34)
Batting: RHB Eddie Sachs 0-0: Ball
1-0: Foul Ball, location: 2F
1-1: Foul Ball, location: 2F
1-2: Strikes out swinging, 2-3 out at first.
Top of the 3rd over - 0 runs, 0 hits, 0 errors, 0 left on base; Atlantic City 0 - Minnesota 0
BOTTOM OF THE 3RD
Minnesota Loons batting - Pitching for Atlantic City Sonics : RHP Lincoln Spooner
Batting: SHB António Zúñiga 0-0: Ball
1-0: Ball
2-0: Swinging Strike
2-1: Fly out, F6 (Line Drive, 6)
Batting: RHB Jorge Arreola 0-0: Ball
1-0: Ball
2-0: Foul Ball, location: 2F
2-1: Swinging Strike
2-2: Ball
3-2: Foul Ball, location: 2F
3-2: Base on Balls
Batting: RHB Isuru Tanaka 0-0: SINGLE (Line Drive, 78S)
Jorge Arreola to second
Batting: LHB Juan Aranda 0-0: Ball
1-0: Ball
2-0: 3-RUN HOME RUN (Flyball, 9LD), Distance : 332 ft
Batting: RHB José Mercado 0-0: Ball
1-0: Ball
2-0: Fly out, F7 (Flyball, 7LMF)
Batting: RHB Joe Dundee 0-0: Ball
1-0: Fly out, F9 (Flyball, 9D)
Bottom of the 3rd over - 3 runs, 2 hits, 0 errors, 0 left on base; Atlantic City 0 - Minnesota 3
TOP OF THE 4TH
Atlantic City Sonics batting - Pitching for Minnesota Loons : LHP Luis Domínguez
Batting: RHB Karl Blanke 0-0: DOUBLE (Line Drive, 7LM)
Batting: LHB Kelvin Abbott 0-0: SINGLE (Groundball, 34D)
Karl Blanke to third
Batting: RHB José Rodríguez 0-0: Called Strike
0-1: Ball
1-1: Foul Ball, location: 2F
1-2: Foul Ball, location: 2F
1-2: Foul Ball, location: 2F
1-2: Ball
2-2: Foul Ball, location: 2F
2-2: Foul Ball, location: 2F
2-2: Hit by Pitch
Kelvin Abbott to second
Batting: RHB Alejandro Sánchez 0-0: Ground out 4-3 (Groundball, 4S)
Karl Blanke scores
Kelvin Abbott to third
José Rodríguez to second
Batting: RHB Randy Sheffield 0-0: Foul Ball, location: 2F
0-1: Fly out, F8 (Flyball, 8RD)
Runner from 3rd tags up, SCORES, no throw
Batting: RHB Thurman Blumer 0-0: Ball
1-0: Swinging Strike
1-1: Ball
Wild Pitch!
José Rodríguez to third
2-1: Ball
3-1: Called Strike
3-2: Strikes out swinging
Top of the 4th over - 2 runs, 2 hits, 0 errors, 1 left on base; Atlantic City 2 - Minnesota 3
BOTTOM OF THE 4TH
Minnesota Loons batting - Pitching for Atlantic City Sonics : RHP Lincoln Spooner
Batting: RHB Germán Espantoso 0-0: Ground out 5-3 (Groundball, 56S)
Batting: RHB Joaquín Villarreal 0-0: Ball
1-0: Called Strike
1-1: Ball
2-1: Foul Ball, location: 2F
2-2: Strikes out looking
Batting: RHB Dhyana Snigdha 0-0: Called Strike
0-1: Ball
1-1: SINGLE (Groundball, 56D)
Batting: SHB António Zúñiga 0-0: Ball
Dhyana Snigdha steals 2nd base
1-0: Ball
2-0: SINGLE (Groundball, 6D)
Dhyana Snigdha to third
Runner from 3rd tries for Home, SAFE, no throw
Batting: RHB Jorge Arreola 0-0: Ball
1-0: Called Strike
1-1: Foul Ball, location: 2F
1-2: Reached on error, E5 (Groundball, 56S)
António Zúñiga to third
Batting: RHB Isuru Tanaka 0-0: 3-RUN HOME RUN (Flyball, 78XD), Distance : 390 ft
Batting: LHB Juan Aranda 0-0: Fly out, F7 (Flyball, 7S)
Bottom of the 4th over - 4 runs, 3 hits, 1 error, 0 left on base; Atlantic City 2 - Minnesota 7
TOP OF THE 5TH
Atlantic City Sonics batting - Pitching for Minnesota Loons : LHP Luis Domínguez
Batting: RHB Jesús Guzmán 0-0: Ball
1-0: Ball
2-0: Called Strike
2-1: Ground out 4-3 (Groundball, 4M)
Batting: LHB Ramón Garmendia 0-0: Ball
1-0: Called Strike
1-1: Swinging Strike
1-2: Ball
2-2: Strikes out swinging
Batting: RHB Eddie Sachs 0-0: Ball
1-0: Ball
2-0: Foul Ball, location: 2F
2-1: Ground out 6-3 (Groundball, 6)
Top of the 5th over - 0 runs, 0 hits, 0 errors, 0 left on base; Atlantic City 2 - Minnesota 7
BOTTOM OF THE 5TH
Minnesota Loons batting - Pitching for Atlantic City Sonics : RHP Lincoln Spooner
Batting: RHB José Mercado 0-0: Ball
1-0: Ball
2-0: SINGLE (Line Drive, 78S)
Pitching: RHP Gabriel Chávez
Batting: RHB Joe Dundee 0-0: Ball
1-0: Ball
2-0: Ball
3-0: Called Strike
3-1: Called Strike
3-2: SINGLE (Groundball, 6MD)
José Mercado to second
Batting: RHB Germán Espantoso 0-0: Sac Bunt - play at first, batter OUT! 1-3
José Mercado to third
Joe Dundee to second
Batting: RHB Joaquín Villarreal 0-0: Called Strike
0-1: Ball
1-1: Swinging Strike
1-2: Foul Ball, location: 2F
1-2: Ball
2-2: Foul Ball, location: 2F
2-2: Ball
3-2: Strikes out swinging
Batting: RHB Dhyana Snigdha 0-0: Ground out 3-1 (Groundball, 34)
Bottom of the 5th over - 0 runs, 2 hits, 0 errors, 2 left on base; Atlantic City 2 - Minnesota 7
TOP OF THE 6TH
Atlantic City Sonics batting - Pitching for Minnesota Loons : LHP Luis Domínguez
Batting: RHB Karl Blanke 0-0: Ball
1-0: Ball
2-0: Called Strike
2-1: Foul Ball, location: 2F
2-2: Foul Ball, location: 2F
2-2: Ball
3-2: Foul Ball, location: 2F
3-2: SINGLE (Line Drive, 34)
Batting: LHB Kelvin Abbott 0-0: SINGLE (Line Drive, 4MD)
Karl Blanke to second
Runner from 2nd tries for 3rd, SAFE, no throw
Batting: RHB José Rodríguez 0-0: Ball
1-0: Ball
2-0: Called Strike
2-1: Ball
3-1: Base on Balls
Kelvin Abbott to second
Batting: RHB Alejandro Sánchez 0-0: Ball
1-0: Ball
2-0: Ball
3-0: Swinging Strike
3-1: Swinging Strike
3-2: Foul Ball, location: 2F
3-2: Fly out, F7 (Flyball, 7S)
Pitching: LHP Ramón Costello
Batting: RHB Randy Sheffield 0-0: Called Strike
0-1: Foul Ball, location: 2F
0-2: Foul Ball, location: 2F
0-2: Ball
1-2: Ball
2-2: Ball
3-2: Grounds into double play, 5-4-3 (Groundball, 56)
Top of the 6th over - 0 runs, 2 hits, 0 errors, 2 left on base; Atlantic City 2 - Minnesota 7
BOTTOM OF THE 6TH
Minnesota Loons batting - Pitching for Atlantic City Sonics : RHP Gabriel Chávez
Batting: SHB António Zúñiga 0-0: Ball
1-0: Ball
2-0: Ball
3-0: Base on Balls
Batting: RHB Jorge Arreola 0-0: Foul Ball, location: 2F
0-1: Ball
1-1: Swinging Strike
1-2: Ball
2-2: Foul Ball, location: 2F
2-2: Ball
3-2: Foul Ball, location: 2F
3-2: Ground out 6-3 (Groundball, 6)
António Zúñiga to second
Batting: RHB Isuru Tanaka 0-0: Ball
1-0: Fly out, F8 (Flyball, 8LM)
Batting: LHB Juan Aranda 0-0: Fly out, F8 (Flyball, 8RD)
Bottom of the 6th over - 0 runs, 0 hits, 0 errors, 1 left on base; Atlantic City 2 - Minnesota 7
TOP OF THE 7TH
Atlantic City Sonics batting - Pitching for Minnesota Loons : LHP Ramón Costello
Batting: RHB Thurman Blumer 0-0: Ball
1-0: Called Strike
1-1: Fly out, F8 (Flyball, 8LD)
Batting: RHB Jesús Guzmán 0-0: Foul Ball, location: 2F
0-1: Ball
1-1: SINGLE (Line Drive, 78S)
Batting: LHB Ramón Garmendia 0-0: Ball
Jesús Guzmán is caught stealing 2nd base
1-0: Foul Ball, location: 2F
1-1: Foul Ball, location: 2F
1-2: Fly out, F8 (Flyball, 8LS)
Top of the 7th over - 0 runs, 1 hit, 0 errors, 0 left on base; Atlantic City 2 - Minnesota 7
BOTTOM OF THE 7TH
Minnesota Loons batting - Pitching for Atlantic City Sonics : RHP Gabriel Chávez
Batting: RHB José Mercado 0-0: Called Strike
0-1: Called Strike
0-2: Ball
1-2: SINGLE (Line Drive, 6M)
Batting: RHB Joe Dundee 0-0: Called Strike
0-1: Ball
1-1: Ball
2-1: Foul Ball, location: 2F
2-2: Ball
3-2: Base on Balls
José Mercado to second
Batting: RHB Germán Espantoso 0-0: Bunt missed!
0-1: Bunt missed!
0-2: Ball
1-2: Foul Ball, location: 2F
1-2: Grounds into double play, 6-4-3 (Groundball, 6)
José Mercado to third
Batting: RHB Joaquín Villarreal 0-0: Swinging Strike
0-1: Ball
1-1: Foul Ball, location: 2F
1-2: Ball
2-2: Ball
3-2: Foul Ball, location: 2F
3-2: Base on Balls
Batting: RHB Dhyana Snigdha 0-0: Swinging Strike
0-1: Ball
1-1: Foul Ball, location: 2F
1-2: Foul Ball, location: 2F
1-2: Strikes out looking
Bottom of the 7th over - 0 runs, 1 hit, 0 errors, 2 left on base; Atlantic City 2 - Minnesota 7
TOP OF THE 8TH
Atlantic City Sonics batting - Pitching for Minnesota Loons : LHP Ramón Costello
Now at 1B: Alex Rucker
Batting: RHB Eddie Sachs 0-0: Called Strike
0-1: Foul Ball, location: 2F
0-2: SINGLE (Line Drive, 4D)
Batting: RHB Karl Blanke 0-0: Swinging Strike
0-1: Fly out, F8 (Line Drive, 8LD)
Batting: LHB Kelvin Abbott 0-0: Ball
1-0: Ball
2-0: Ball
3-0: Called Strike
3-1: Foul Ball, location: 2F
3-2: Foul Ball, location: 2F
3-2: Base on Balls
Eddie Sachs to second
Batting: RHB José Rodríguez 0-0: Called Strike
0-1: Foul Ball, location: 2F
0-2: Ball
1-2: Ball
2-2: Ball
3-2: Strikes out swinging
Batting: RHB Alejandro Sánchez 0-0: Swinging Strike
0-1: Ball
1-1: Ground out U3 (Groundball, 3)
Top of the 8th over - 0 runs, 1 hit, 0 errors, 2 left on base; Atlantic City 2 - Minnesota 7
BOTTOM OF THE 8TH
Minnesota Loons batting - Pitching for Atlantic City Sonics : RHP Gabriel Chávez
Batting: SHB António Zúñiga 0-0: Ball
1-0: Foul Ball, location: 2F
1-1: Swinging Strike
1-2: Strikes out looking
Batting: RHB Jorge Arreola 0-0: Foul Ball, location: 2F
0-1: Ball
1-1: Ball
2-1: Foul Ball, location: 2F
2-2: Ball
3-2: Foul Ball, location: 2F
3-2: Foul Ball, location: 2F
3-2: Fly out, F8 (Flyball, 8RXD)
Batting: RHB Isuru Tanaka 0-0: Called Strike
0-1: Ball
1-1: Foul Ball, location: 2F
1-2: SINGLE (Line Drive, 6D)
Batting: LHB Juan Aranda 0-0: SINGLE (Line Drive, 89S)
Isuru Tanaka to second
Runner from 2nd tries for 3rd, SAFE, throw made to third
Batting: RHB José Mercado 0-0: Ball
1-0: Ground out 5-3 (Groundball, 56S)
Bottom of the 8th over - 0 runs, 2 hits, 0 errors, 2 left on base; Atlantic City 2 - Minnesota 7
TOP OF THE 9TH
Atlantic City Sonics batting - Pitching for Minnesota Loons : LHP Ramón Costello
Batting: RHB Randy Sheffield 0-0: Ball
1-0: Ball
2-0: Swinging Strike
2-1: Swinging Strike
2-2: SINGLE (Line Drive, 7S)
Batting: RHB Thurman Blumer 0-0: Foul Ball, location: 2F
0-1: Ball
1-1: Foul Ball, location: 2F
1-2: Strikes out swinging
Batting: RHB Jesús Guzmán 0-0: Called Strike
0-1: SINGLE (Line Drive, 8LS)
Randy Sheffield to second
Batting: LHB Ramón Garmendia 0-0: Called Strike
0-1: Ball
1-1: Ball
2-1: Called Strike
2-2: Foul Ball, location: 2F
2-2: Foul Ball, location: 2F
2-2: Strikes out swinging
Batting: RHB Eddie Sachs 0-0: Ball
1-0: Ball
2-0: Called Strike
2-1: DOUBLE (Flyball, 8RXD)
Randy Sheffield scores
Jesús Guzmán to third
Pitching: RHP Horatio McAllister
Batting: RHB Karl Blanke 0-0: Ball
1-0: Ball
2-0: Foul Ball, location: 2F
2-1: Foul Ball, location: 2F
2-2: Ball
3-2: Strikes out swinging
Top of the 9th over - 1 run, 3 hits, 0 errors, 2 left on base; Atlantic City 3 - Minnesota 7
Tuesday, December 19th, 2017 - OOTP Baseball 18.8 Build 76